 Dungeon Crawl Stone Soup version 0.30-a0-715-gdb4ae3ece1 (webtiles) character file.

Game seed: 12505431522741710614

201 Crownlay the Grave Robber (level 5, -2/35 HPs)
             Began as a Demonspawn Necromancer on Jan 24, 2023.
             Killed by nerve-wracking pain
             ... invoked by Grinder
              (6 damage)
             ... while paralysed by Grinder
             ... on level 3 of the Dungeon.
             The game lasted 00:05:49 (2098 turns).

Crownlay the Grave Robber (Demonspawn Necromancer)  Turns: 2098, Time: 00:05:49

Health: -2/35      AC:  3    Str:  8    XL:     5   Next: 50%
Magic:  2/8        EV:  2    Int: 19    God:
Gold:   100        SH:  0    Dex: 13    Spells: 3/8 levels left

rFire   . . .      SeeInvis .    j - +0 whip (elec)
rCold   . . .      Faith    .    (no shield)
rNeg    . . .      Spirit   .    a - +0 robe
rPois   .          Reflect  .    l - +0 helmet
rElec   .          Harm     .    (no cloak)
rCorr   .          Rampage  .    (no gloves)
Will    .....                    (no boots)
Stlth   ++                       (no amulet)
HPRegen 0.25/turn                (no ring)
MPRegen 0.11/turn                (no ring)

@: paralysed
A: powered by pain 2, spiny 1
a: no special abilities


You were on level 3 of the Dungeon.
You visited 1 branch of the dungeon, and saw 3 of its levels.

You collected 100 gold pieces.

Inventory:

Hand Weapons
 j - a +0 whip of electrocution (weapon)
 r - a +0 halberd
Armour
 a - a +0 robe (worn)
 l - a +0 helmet (worn)
Magical Staves
 d - a staff of air
 m - a staff of conjuration
Scrolls
 c - a scroll of fog {unknown}
 g - 2 scrolls of blinking {unknown}
 h - a scroll of teleportation {unknown}
 i - a scroll of immolation {unknown}
 k - 3 scrolls of identify {unknown}
 p - 2 scrolls of enchant armour {unknown}
 q - a scroll of amnesia {unknown}
Potions
 b - a potion of magic
 e - a potion of lignification {unknown}
 n - a potion of berserk rage {unknown}
 o - a potion of haste {unknown}


   Skills:
 - Level 1.7 Dodging
 - Level 1.7 Stealth
 - Level 2.0 Spellcasting
 + Level 7.5 Necromancy


You had 3 spell levels left.
You knew the following spells:

 Your Spells              Type           Power      Damage    Failure   Level
a - Necrotise             Necr           100%       1d9       1%          1
b - Animate Dead          Necr           30%        N/A       8%          4

Your spell library contained the following spells:

 Spells                   Type           Power      Damage    Failure   Level
 Vampiric Draining        Necr           30%        2d8       2%          3
 Agony                    Necr           30%        N/A       22%         5


Dungeon Overview and Level Annotations

Branches:
Dungeon (3/15)

Altars:

Shops:
D:1 [

Annotations:
D:3 Grinder, Sigmund


Innate Abilities, Weirdness & Mutations

You sometimes gain power by taking damage.
You are partially covered in sharp spines.


Message History

Grinder is heavily wounded.
You feel less wooden.
Your +0 helmet unmelds from your body.
Your +0 robe unmelds from your body.
Robin barely misses the frilled lizard.
Grinder barely misses you.
You hit Grinder but do no damage. Your punch misses Grinder.
Grinder is heavily wounded.
The frilled lizard is struck by your spines.
You kill the frilled lizard!
Grinder hits you but does no damage.
You hit Grinder.
Grinder is heavily wounded.
Grinder is struck by your spines. Grinder hits you.
You writhe in agony.
You hit Grinder but do no damage.
Grinder is severely wounded.
Grinder says, "Wait up."
Grinder is struck by your spines. Grinder hits you.
Robin barely misses Grinder.
You closely miss Grinder.
Grinder is severely wounded.
Grinder gestures at you.
You barely resist.
Robin hits Grinder but does no damage.
You strike the helpless Grinder from behind!
You hit Grinder but do no damage.
Grinder is severely wounded.
Grinder is struck by your spines. Grinder hits you.
* * * LOW HITPOINT WARNING * * *
You writhe in agony.
* * * LOW HITPOINT WARNING * * *
Robin misses Grinder.
Casting: Necrotise (safe; 1% risk of failure)
Confirm with . or Enter, or press ? or * to list all spells.
You can't see any susceptible monsters within range! (Use Z to cast anyway.)
You hit Grinder. You punch Grinder, but do no damage.
Grinder is almost dead.
Grinder hits you but does no damage.
Robin hits Grinder but does no damage.
Grinder gestures at you.
You suddenly lose the ability to move!
Grinder gestures at you. Pain shoots through your body!
You die...

# .###
#########...#
#.○°§○..☼....
#○○☼§.§.§..#
#§...☼☼○○..#
#5Z).○..°..#
#@).))°....#
#####☼#☼#### #$#
# #)# ##.# ###).#
#.Z†## #####@###
.....#..
#....).####......


You could see Grinder (ally target) and the friendly Robin the hobgoblin
skeleton.

Vanquished Creatures
  Natasha (twice) (D:3)
  Terence (D:3)
  Robin (D:3)
  3 adders
  A dart slug (D:2)
  6 ball pythons
  4 endoplasms
  3 giant cockroaches
  12 goblins
  8 hobgoblins
  A jackal (D:2)
  4 kobolds
  3 quokkas
  2 bats
  5 frilled lizards
  6 rats
62 creatures vanquished.

Vanquished Creatures (collateral kills)
  Natasha (D:3)
  A ball python (D:1)
2 creatures vanquished.

Vanquished Creatures (others)
  6 goblin zombies (D:3)
  2 hobgoblin zombies (D:3)
8 creatures vanquished.

Grand Total: 72 creatures vanquished

Notes
Turn   | Place    | Note
-------+----------+-------------------------------------------
     0 | D:1      | Crownlay the Demonspawn Necromancer began the quest for the
                  | Orb.
     0 | D:1      | Reached XP level 1. HP: 13/13 MP: 3/3
   328 | D:1      | Found Neesm's Armour Emporium.
   337 | D:1      | Gained mutation: You sometimes gain a little power by
                  | taking damage. [demonic ancestry]
   337 | D:1      | Reached XP level 2. HP: 19/19 MP: 1/5
   412 | D:1      | Reached skill level 5 in Necromancy
   736 | D:1      | Found a faded altar of an unknown god.
  1036 | D:2      | Gained mutation: You are partially covered in sharp spines.
                  | [demonic ancestry]
  1036 | D:2      | Reached XP level 3. HP: 24/24 MP: 1/6
  1716 | D:2      | Reached skill level 6 in Necromancy
  1859 | D:3      | Gained mutation: You sometimes gain power by taking damage.
                  | [demonic ancestry]
  1859 | D:3      | Reached XP level 4. HP: 30/30 MP: 3/7
  1868 | D:3      | Learned a level 4 spell: Animate Dead
  1910 | D:3      | Noticed Natasha
  1912 | D:3      | Noticed Terence
  1914 | D:3      | Noticed Sigmund
  1915 | D:3      | Killed Natasha
  1918 | D:3      | Noticed Natasha
  1925 | D:3      | Killed Natasha
  2008 | D:3      | Noticed Natasha
  2025 | D:3      | Killed Natasha
  2026 | D:3      | Reached skill level 7 in Necromancy
  2026 | D:3      | Reached XP level 5. HP: 18/35 MP: 1/8
  2056 | D:3      | Noticed Robin
  2069 | D:3      | Killed Terence
  2073 | D:3      | Noticed Grinder
  2081 | D:3      | Paralysed by Grinder for 2 turns
  2084 | D:3      | Killed Robin
  2097 | D:3      | Paralysed by Grinder for 5 turns
  2098 | D:3      | Killed from afar by Grinder

Illustrated notes

Levels and vault maps discovered:
D:1:      minmay_arrival_diagonal_passages, layout_loops_ring, serial_shops,
          nicolae_diamond_shop, chequers_ecumenical_altar_grove
D:2:      minmay_diamond_boxcup, layout_rooms
D:3:      layout_rooms, uniq_sigmund, uniq_grinder, uniq_robin, uniq_natasha,
          uniq_terence

Skill      XL: |  1  2  3  4 |
---------------+-------------+-----
Necromancy     | 5 6 7 |  7.5
Dodging        | |  1.7
Stealth        | |  1.7
Spellcasting   | |  2.0

Action                     |  1- 3 |  4- 6 || total
---------------------------+-------+-------++-------
  Melee: Dagger            |     6 |       ||     6
         Whip              |    11 |    33 ||    44
         Punch             |       |     2 ||     2
   Cast: Necrotise         |    64 |    18 ||    82
         Animate Dead      |       |     1 ||     1
    Use: Scroll            |       |     3 ||     3
   Stab: Sleeping          |     4 |       ||     4
         Distracted        |       |     1 ||     1
 Armour: Robe              |     4 |     8 ||    12
         Skin              |       |     6 ||     6
  Dodge: Dodged            |    13 |    19 ||    32

Table legend: (Time is in decaauts)
 A = Elapsed time spent in this place.
 B = Non-inter-level travel time spent in this place.
 C = Inter-level travel time spent in this place.
 D = Time resting spent in this place.
 E = Time spent auto-exploring this place.
 F = Levels seen in this place.
 G = Mean time per level.
                   A        B        C        D        E       F      G
               +--------+--------+--------+--------+--------+-----+--------+
         Total |   2101 |   1913 |    188 |      0 |   1548 |   3 |  700.3 |
       Dungeon |   2101 |   1913 |    188 |      0 |   1548 |   3 |  700.3 |
               +--------+--------+--------+--------+--------+-----+--------+

Top non-repeatable levels by time:
     D:1: 982 daAuts
     D:2: 921 daAuts
     D:3: 197 daAuts
